 Dungeon Crawl Stone Soup version 0.25-a0-822-g6581751b11 (webtiles) character file.

Game seed: 3505496566808680277, levelgen mode: deterministic

205 kae the Ruffian (level 5, -2/40 HPs)
             Began as a Draconian Transmuter on Apr 20, 2020.
             Slain by Pikel
             ... wielding a +1 whip of electrocution
              (18 damage)
             ... on level 4 of the Dungeon.
             The game lasted 00:02:06 (3051 turns).

kae the Ruffian (Draconian Transmuter)              Turns: 3051, Time: 00:02:07

Health: -2/40      AC: 14    Str: 13    XL:     5   Next: 53%
Magic:  9/9        EV: 12    Int: 14    God:
Gold:   126        SH:  0    Dex: 11    Spells: 4/10 levels left

rFire    x . .     SeeInvis .   n - +1 mace (protect)
rCold    + . .     Gourm    .   (no shield)
rNeg     . . .     Faith    .   (armour unavailable)
rPois    .         Spirit   .   (helmet restricted)
rElec    .         Reflect  .   (no cloak)
rCorr    .         Harm     .   d - +1 pair of gloves
MR       .....                  (no boots)
Stlth    +.........             j - amulet of magic regeneration
HPRegen  0.13/turn              g - ring of ice
MPRegen  0.36/turn              (no ring)

@: protection aura
A: unfitting armour, cold-blooded, AC +5
a: no special abilities


You were on level 4 of the Dungeon.
You were not hungry.

You visited 1 branch of the dungeon, and saw 4 of its levels.

You collected 126 gold pieces.

Inventory:

Hand Weapons
 n - a +1 mace of protection (weapon)
Missiles
 a - 35 arrows
Armour
 d - a +1 pair of gloves (worn)
Jewellery
 g - a ring of ice (left hand)
 j - an amulet of magic regeneration (around neck)
 k - an uncursed ring of positive energy {unknown}
Scrolls
 b - 2 scrolls of enchant armour
 h - a scroll of teleportation
 i - a scroll of remove curse {unknown}
Potions
 e - a potion of haste
 f - a potion of brilliance {unknown}
Comestibles
 c - 8 rations


   Skills:
 - Level 1.1 Fighting
 - Level 1.7 Dodging
 * Level 4.9 Unarmed Combat
 + Level 3.1 Spellcasting
 + Level 3.3 Transmutations


You had 4 spell levels left.
You knew the following spells:

 Your Spells              Type           Power        Failure   Level  Hunger
a - Beastly Appendage     Tmut           ##....       5%          1    #......
b - Sticks to Snakes      Tmut           ##......     9%          2    ##.....
c - Spider Form           Tmut/Pois      #.........   32%         3    ###....

Your spell library contained the following spells:

 Spells                   Type           Power        Failure   Level  Hunger
 Ice Form                 Ice/Tmut       ##......     71%         4    #####..
 Blade Hands              Tmut           ##........   83%         5    ######.


Dungeon Overview and Level Annotations

Branches:
Dungeon (4/15)
 Temple: D:4-7

Altars:

Annotations:
D:4 Pikel


Innate Abilities, Weirdness & Mutations

Your plain brown scales are hard. (AC +5)
You cannot fit into any form of body armour.
You are cold-blooded and may be slowed by cold attacks.


Message History

Pikel is lightly wounded.
Pikel hits you but does no damage.
You are electrocuted!
You are too injured to fight recklessly!
You miss Pikel.
Pikel is lightly wounded.
Pikel hits you but does no damage. x2
You are too injured to fight recklessly!
You are too injured to fight recklessly!
You hit Pikel but do no damage.
Pikel is lightly wounded.
Pikel closely misses you.
You hit Pikel but do no damage.
Pikel is moderately wounded.
Pikel waves his whip at you.
Pikel hits you with a +1 whip of electrocution.
You sock Pikel!
Your tail-slap misses Pikel.
Pikel is heavily wounded.
Pikel hits you with a +1 whip of electrocution.
Pikel hits you but does no damage.
You are electrocuted!!
You die...

#### ...## ### ##..# #..
#..# ###.##########
##..#######.....@Kppp...
.........##.#.######....
.........##.#.# .
.........##.#'######
.........##........#
.........##.......<#
.........##........#
.....######........#
.....# #......#######..


You could see Pikel and 3 slaves.

Vanquished Creatures
  A slave (D:4)
  Jessica (D:3)
  A worker ant (D:4)
  Robin (D:2)
  5 adders
  A shadow imp (D:3)
  2 worms
  2 dart slugs (D:1)
  A leopard gecko (D:1)
  An orc (D:3)
  5 giant cockroaches
  12 goblins
  10 hobgoblins
  10 jackals
  2 ball pythons
  6 bats
  4 frilled lizards
  7 kobolds
  7 rats
79 creatures vanquished.

Notes
Turn   | Place    | Note
-------+----------+-------------------------------------------
     0 | D:1      | kae the Draconian Transmuter began the quest for the Orb.
     0 | D:1      | Reached XP level 1. HP: 16/16 MP: 3/3
    93 | D:1      | Reached XP level 2. HP: 10/23 MP: 3/5
   892 | D:2      | Reached XP level 3. HP: 19/28 MP: 4/6
  1019 | D:2      | Learned a level 2 spell: Sticks to Snakes
  1023 | D:2      | Learned a level 3 spell: Spider Form
  1344 | D:2      | Reached skill level 4 in Unarmed Combat
  1348 | D:2      | Noticed Robin
  1357 | D:2      | Killed Robin
  1357 | D:2      | Reached XP level 4. HP: 35/35 MP: 4/7
  2192 | D:3      | Reached XP level 5. HP: 28/40 MP: 5/9
  2725 | D:3      | Noticed Jessica
  2736 | D:3      | Killed Jessica
  3027 | D:4      | Noticed a slave
  3028 | D:4      | Noticed a slave
  3028 | D:4      | Noticed a slave
  3029 | D:4      | Noticed a slave
  3030 | D:4      | Noticed Pikel
  3039 | D:4      | Killed a slave
  3051 | D:4      | Slain by Pikel

Levels and vault maps discovered:
D:1:      psy_arrival_dodecagon, layout_basic
D:2:      layout_loops_ring, first_ration, uniq_robin
D:3:      layout_loops_cross, bh_walls_and_bars, uniq_jessica
D:4:      layout_basic, hangedman_glass_teeth, uniq_pikel

Skill      XL: |  1  2  3  4  5 |
---------------+----------------+-----
Unarmed Combat | 4 |  4.9
Transmutations | 3 |  3.3
Spellcasting   | 3 |  3.1
Fighting       | |  1.1
Dodging        | |  1.7

Action                   |  1- 3 |  4- 6 || total
-------------------------+-------+-------++-------
Melee: Unarmed           |    88 |   127 ||   215
       Headbutt          |     4 |     1 ||     5
       Kick              |     5 |     1 ||     6
       Tailslap          |     2 |     4 ||     6
       Mace              |       |    16 ||    16
 Cast: Beastly Appendage |    20 |     2 ||    22
       Spider Form       |     2 |    12 ||    14
  Use: Scroll            |     4 |     4 ||     8
  Eat: Chunk             |     2 |     7 ||     9
Armor: Skin              |    35 |    23 ||    58
Dodge: Dodged            |    64 |   147 ||   211

Table legend:
 A = Non-vault XP
 B = Vault XP
 C = Vault XP percentage of total XP
 D = Non-vault monster count
 E = Vault monster count
 F = Vault count percentage of total count
                 A         B        C        D         E       F
            +---------+---------+-------+---------+---------+-------
      Total |     229 |      65 |  22.1 |      69 |       9 |  11.5
            +---------+---------+-------+---------+---------+-------
        D:1 |      31 |       0 |   0.0 |      15 |       0 |   0.0
        D:2 |      96 |      28 |  22.6 |      28 |       8 |  22.2
        D:3 |      69 |      37 |  34.9 |      25 |       1 |   3.8
        D:4 |      33 |       0 |   0.0 |       1 |       0 |   0.0
            +---------+---------+-------+---------+---------+-------
